 Dungeon Crawl Stone Soup version 0.22.1-2-g9c5b331383 (webtiles) character file.

6099 Marnok the Nimble (level 10, -5/91 HPs)
             Began as a Deep Dwarf Artificer on Nov 24, 2018.
             Was a Priest of Zin.
             Slain by a rapier of chaos (10 damage)
             ... on level 11 of the Dungeon.
             The game lasted 01:05:16 (7259 turns).

Marnok the Nimble (Deep Dwarf Artificer)            Turns: 7259, Time: 01:05:16

Health: -5/91      AC:  8    Str: 19    XL:     10   Next: 58%
Magic:  0/0        EV: 17    Int: 17    God:    Zin [***...]
Gold:   227        SH:  0    Dex: 13    Spells: 9/9 levels left

rFire    . . .     SeeInvis .   i - +4 dagger (speed)
rCold    . . .     Gourm    .   (no shield)
rNeg     . . .     Faith    .   b - +1 leather armour
rPois    .         Spirit   .   (no helmet)
rElec    .         Reflect  .   h - +2 cloak
rCorr    +         Harm     .   (no gloves)
MR       +....                  (no boots)
Stlth    +++.......             (no amulet)
HPRegen  0.00/turn              t - +5 ring of intelligence
MPRegen  0.07/turn              F - ring of resist corrosion

@: non-regenerating
A: damage resistance, heal wounds, sense surroundings 2, no regeneration
a: Heal Wounds, Recite, Vitalisation, Imprison, Donate Gold, Renounce Religion


You were on level 11 of the Dungeon.
You worshipped Zin.
Zin was most pleased with you.
You were not hungry.

You visited 1 branch of the dungeon, and saw 11 of its levels.

You collected 302 gold pieces.
You donated 75 gold pieces to Zin.

Inventory:

Hand Weapons
 a - a +0 short sword
 i - a +4 dagger of speed (weapon)
 l - a +0 whip of electrocution
 s - a +2 whip of electrocution
 B - a +0 scimitar of flaming
 D - a cursed +4 long sword of freezing
 E - a cursed +3 spear of freezing
Missiles
 k - 90 sling bullets
Armour
 b - a +1 leather armour (worn)
 g - a +0 pair of gloves
 h - a +2 cloak (worn)
 y - a +0 robe
Jewellery
 n - an uncursed amulet of rage
 t - a +5 ring of intelligence (left hand)
 F - a ring of resist corrosion (right hand)
Wands
 c - a wand of flame (24)
 d - a wand of enslavement (15)
 e - a wand of random effects (15)
 o - a wand of paralysis (17)
 x - a wand of iceblast (11)
Scrolls
 j - 2 scrolls of fog
 m - 2 scrolls of immolation
 q - 6 scrolls of identify
 v - a scroll of fear
 G - a scroll of remove curse
Potions
 r - a potion of cancellation
 z - a potion of mutation {unknown}
 A - a potion of ambrosia
Comestibles
 f - 8 rations


   Skills:
 + Level 6.1 Fighting
 + Level 8.5 Short Blades
 + Level 6.0 Armour
 + Level 8.8 Dodging
 + Level 7.0 Stealth
 + Level 1.0 Invocations
 + Level 5.1 Evocations


You had 9 spell levels left.
You didn't know any spells.
Your spell library was empty.

Dungeon Overview and Level Annotations

Branches:
Dungeon (11/15)            Temple (0/1) D:5            Lair (0/6) D:11
    Orc: D:9-12

Altars:
Hepliaklqana
Nemelex Xobeh
Qazlal
Ru
Vehumet
Xom
Zin
The Shining One

Shops:
D:4 [%[   D:5 (

Annotations:
D:5 Prince Ribbit
D:6 Sigmund
D:11 POTATOFARMER's ghost, journeyman MiFi


Innate Abilities, Weirdness & Mutations

You are resistant to damage.
You can heal yourself by infusing magical energy.
You passively map the area around you.
You do not regenerate.


Message History

You barely miss the rapier of chaos.
The rapier of chaos is moderately damaged.
The rapier of chaos hits you!
* * * LOW HITPOINT WARNING * * *
As you read the scroll of fear, it crumbles to dust.
You assume a fearsome visage.
POTATOFARMER's ghost is unaffected.
The rapier of chaos is unaffected.
The rapier of chaos barely misses you. The rapier of chaos hits you!
* * * LOW HITPOINT WARNING * * *
The rapier of chaos freezes you. The rapier of chaos hits you.
* * * LOW HITPOINT WARNING * * *
Space warps horribly around you!
* * * LOW HITPOINT WARNING * * *
The rapier of chaos closely misses you. The rapier of chaos hits you!
Zin protects you from harm!
You see here 2 curare-tipped needles.
The rapier of chaos hits you!
You die...

, ,,... , , o ,
..# ***,. * * #.#
, ,, * #.# , , *
#.### ,,,, *
##.#$## ,, , *
#..'_.# *
###.######..#.## *
, ,
*,,.......@(...###
, ,,,
#########W..#####*
#......... ,,,
#..####### ,* #..#
,# #..########.#
#.....).....#
#...........#
#...........#


You could see a rapier of chaos and POTATOFARMER's ghost.

Vanquished Creatures
  Erica (D:8)
  A two-headed ogre (D:8)
  Pikel (D:8)
  Joseph (D:7)
  A hippogriff (D:8)
  2 sky beasts (D:6)
  An eye of draining (D:11)
  2 phantoms
  8 ogres
  A centaur (D:8)
  6 bullfrogs
  A wyvern skeleton (D:8)
  A water moccasin skeleton (D:8)
  3 scorpions
  11 killer bees
  5 wights (D:9)
  2 howler monkeys
  3 crimson imps
  2 bullfrog zombies
  A centaur zombie (D:5)
  2 quasits
  5 orc wizards
  3 orc priests
  7 hounds
  2 jellies
  A bullfrog skeleton (D:4)
  3 iguanas
  5 worker ants
  A killer bee zombie (D:7)
  A hound zombie (D:11)
  A hound skeleton (D:4)
  4 gnolls (D:7)
  22 adders
  A shadow imp (D:8)
  2 oozes
  An adder zombie (D:7)
  2 worms (D:2)
  2 leopard geckos (D:6)
  6 orcs
  2 giant cockroaches
  7 goblins
  6 hobgoblins
  9 jackals
  3 quokkas
  4 bats
  5 frilled lizards
  6 kobolds
  A leopard gecko skeleton (D:4)
  5 rats
173 creatures vanquished.

Vanquished Creatures (others)
  4 slaves (D:8)
  A worker ant (D:8)
  An adder (D:8)
  A leopard gecko zombie (D:8)
7 creatures vanquished.

Grand Total: 180 creatures vanquished

Notes
Turn   | Place    | Note
-------+----------+-------------------------------------------
     0 | D:1      | Marnok the Deep Dwarf Artificer began the quest for the
                  | Orb.
     0 | D:1      | Reached XP level 1. HP: 16/16 MP: 3/3
   136 | D:1      | Reached skill level 1 in Fighting
   136 | D:1      | Reached XP level 2. HP: 25/25 MP: 5/5
   231 | D:1      | Reached skill level 1 in Short Blades
   734 | D:2      | Reached XP level 3. HP: 27/31 MP: 6/6
   938 | D:2      | Noticed an ogre
   964 | D:2      | Killed an ogre
   964 | D:2      | Reached skill level 1 in Armour
   964 | D:2      | Reached XP level 4. HP: 28/38 MP: 6/6
  1144 | D:2      | Reached XP level 5. HP: 23/44 MP: 7/7
  1495 | D:2      | Found a radiant altar of Vehumet.
  1498 | D:2      | Found a glowing golden altar of the Shining One.
  2007 | D:3      | Found a sacrificial altar of Ru.
  2136 | D:3      | Found a stormy altar of Qazlal.
  2197 | D:4      | Found Feenecsa's Food Shoppe.
  2205 | D:4      | Found Porui's Armour Boutique.
  2216 | D:4      | Noticed an ogre
  2229 | D:4      | Reached XP level 6. HP: 37/52 MP: 7/7
  2405 | D:5      | Entered Level 5 of the Dungeon
  2466 | D:4      | Found Plog's Armour Emporium.
  2510 | D:4      | HP: 2/52 [ogre/giant club (21)]
  2692 | D:5      | Reached XP level 7. HP: 34/61 MP: 5/5
  2746 | D:5      | Found Lepuz's Antique Weapon Shoppe.
  3269 | D:4      | Reached skill level 5 in Short Blades
  3388 | D:4      | Reached skill level 5 in Dodging
  3388 | D:4      | Reached XP level 8. HP: 24/68 MP: 5/5
  3485 | D:5      | Found a staircase to the Ecumenical Temple.
  3518 | D:5      | Found a stormy altar of Qazlal.
  3531 | D:5      | Found a glowing silver altar of Zin.
  3537 | D:5      | Became a worshipper of Zin the Law-Giver
  3789 | D:5      | Noticed Prince Ribbit
  3798 | D:5      | Donated 45 gold pieces to Zin
  3823 | D:5      | Reached * piety under Zin
  4165 | D:6      | Noticed Sigmund
  4372 | D:6      | Found a glowing golden altar of the Shining One.
  4377 | D:6      | Reached ** piety under Zin
  5176 | D:7      | Gained mutation: You passively map the area around you.
                  | [Deep Dwarf growth]
  5176 | D:7      | Reached XP level 9. HP: 36/78 MP: 5/5
  5283 | D:7      | Reached skill level 1 in Invocations
  5309 | D:7      | Found a hazy altar of Hepliaklqana.
  5397 | D:7      | Noticed Joseph
  5463 | D:7      | Killed Joseph
  5463 | D:7      | Reached skill level 5 in Stealth
  5743 | D:8      | Noticed Erica
  5962 | D:8      | Noticed Pikel
  5988 | D:8      | Killed Pikel
  5988 | D:8      | Reached skill level 5 in Armour
  6065 | D:8      | Found a sparkling altar of Nemelex Xobeh.
  6212 | D:8      | Killed Erica
  6212 | D:8      | Reached skill level 5 in Fighting
  6212 | D:8      | Reached XP level 10. HP: 50/88 MP: 2/2
  6252 | D:8      | Noticed a two-headed ogre
  6288 | D:8      | HP: 3/88 [two-headed ogre/giant club (15)]
  6311 | D:8      | Killed a two-headed ogre
  6761 | D:8      | Reached *** piety under Zin
  6839 | D:9      | Reached skill level 5 in Evocations
  6920 | D:10     | Entered Level 10 of the Dungeon
  6927 | D:11     | Noticed a two-headed ogre
  6931 | D:11     | Found a staircase to the Lair.
  6949 | D:11     | Paralysed by a hornet for 2 turns
  7241 | D:11     | Found a runed door.
  7241 | D:11     | Found a shimmering altar of Xom.
  7241 | D:11     | Noticed a rapier of chaos
  7242 | D:11     | Noticed POTATOFARMER's ghost (journeyman MiFi)
  7257 | D:11     | Zin protects you from harm!
  7259 | D:11     | Slain by a rapier of chaos

Skill      XL: |  1  2  3  4  5  6  7  8  9 10 |
---------------+-------------------------------+-----
Fighting       | 1 2 3 5 6 |  6.1
Short Blades   | 1 2 3 4 5 6 8 |  8.5
Armour         | 1 2 3 4 5 6 |  6.0
Dodging        | 3 4 5 6 7 8 |  8.8
Stealth        | 2 4 6 7 |  7.0
Invocations    | 1 |  1.0
Evocations     | 5 |  5.1

Action                   |  1- 3 |  4- 6 |  7- 9 | 10-12 || total
-------------------------+-------+-------+-------+-------++-------
Melee: Short sword       |    62 |       |       |       ||    62
       Dagger            |    59 |   268 |   822 |   343 ||  1492
Invok: Recite            |       |       |     1 |       ||     1
       Donate Gold       |       |       |     1 |       ||     1
 Abil: Heal Wounds       |     2 |    12 |    18 |    10 ||    42
Evoke: Wand              |       |       |     1 |     4 ||     5
  Use: Scroll            |     3 |     1 |    14 |     5 ||    23
       Potion            |       |     7 |     5 |     1 ||    13
 Stab: Sleeping          |     1 |       |     8 |       ||     9
       Invisible         |       |       |     6 |       ||     6
  Eat: Chunk             |       |     6 |     5 |     1 ||    12
       Ration            |       |       |     2 |     1 ||     3
Armor: Leather armour    |    36 |    34 |   130 |    45 ||   245
Dodge: Dodged            |    54 |   114 |   320 |   186 ||   674
